 Dungeon Crawl Stone Soup version 0.28.0-53-g5a82cb258f (webtiles) character file.

Game seed: 15367042899295671957

12 CryoSword the Skirmisher (level 2, -1/24 HPs)
             Began as a Demonspawn Fighter on May 25, 2022.
             Succumbed to an adder's poison
             ... on level 2 of the Dungeon.
             The game lasted 00:00:53 (1319 turns).

CryoSword the Skirmisher (Demonspawn Fighter)       Turns: 1319, Time: 00:00:54

Health: -1/24      AC:  6    Str: 16    XL:     2   Next: 20%
Magic:  2/2        EV:  8    Int:  9    God:
Gold:   45         SH:  4    Dex: 12    Spells: 1/1 levels left

rFire   . . .      SeeInvis .   a - +0 war axe
rCold   . . .      Faith    .   c - +0 buckler
rNeg    . . .      Spirit   .   b - +0 scale mail
rPois   .          Reflect  .   (no helmet)
rElec   .          Harm     .   (no cloak)
rCorr   .          Rampage  .   (no gloves)
Will    .....                   (no boots)
Stlth   ..........              (no amulet)
HPRegen 0.08/turn               (no ring)
MPRegen 0.08/turn               (no ring)

@: lethally poisoned (-1 -> -6)
A: demonic magic 1
a: no special abilities


You were on level 2 of the Dungeon.
You visited 1 branch of the dungeon, and saw 2 of its levels.

You collected 45 gold pieces.

Inventory:

Hand Weapons
 a - a +0 war axe (weapon)
Armour
 b - a +0 scale mail (worn)
 c - a +0 buckler (worn)
 h - a +0 tower shield
   (You found it on level 1 of the Dungeon)
Jewellery
 e - a ring of see invisible
   (You found it on level 1 of the Dungeon)
Scrolls
 g - 3 scrolls of identify {unknown}
 j - 3 scrolls of noise {unknown}
Potions
 d - a potion of might
 f - a potion of mutation {unknown}
 i - a potion of berserk rage {unknown}


   Skills:
 - Level 3.0 Fighting
 * Level 2.4 Axes
 - Level 2.6 Armour
 + Level 2.9 Shields


You had one spell level left.
You didn't know any spells.
Your spell library was empty.

Dungeon Overview and Level Annotations

Branches:
Dungeon (2/15)

Altars:


Innate Abilities, Weirdness & Mutations

Spells you cast may paralyse adjacent enemies.


Message History

No target in view!
No target in view!
No target in view!
Found 20 arrows.
You see here 20 arrows.
Could not explore, unopened door.
No target in view!
You open the door.
A rat comes into view.
A rat is nearby!
A rat is nearby!
A rat is nearby!
There is an open door here.
Found 26 sling bullets.
You closely miss the rat. The rat barely misses you.
You closely miss the rat. The rat barely misses you. The rat bites you.
You closely miss the rat. The rat completely misses you.
You closely miss the rat. You block the rat's attack.
The rat bites you but does no damage.
You slash the rat!
You kill the rat!
No target in view!
No target in view!
No target in view!
No target in view!
No target in view!
No target in view!
No target in view!
No target in view!
Could not explore, unopened door.
Could not explore, unopened door.
Could not explore, unopened door.
You open the door.
Could not explore, unopened door.
Could not explore, unopened door.
You open the door.
There is an open door here.
j - 2 scrolls labelled QUUNOK VAHANG
j - 3 scrolls labelled QUUNOK VAHANG (gained 1)
A rat comes into view.
A rat is nearby!
The rat closely misses you.
You slash the rat!
You kill the rat!
No target in view!
No target in view!
No target in view!
No target in view!
No target in view!
No target in view!
No target in view!
No target in view!
No target in view!
No target in view!
No target in view!
You see here a rat corpse.
You see here 20 arrows.
A rat comes into view.
A rat is nearby!
A rat is nearby!
A rat is nearby!
You hit the rat but do no damage. You block the rat's attack.
The rat bites you but does no damage.
You barely miss the rat. The rat closely misses you.
You barely miss the rat. The rat closely misses you.
You hit the rat.
You kill the rat!
No target in view!
No target in view!
No target in view!
No target in view!
Could not explore, unopened door.
Could not explore, unopened door.
Could not explore, unopened door.
You open the door.
There is an open door here.
There is an open door here.
Done exploring.
Done exploring.
You see here a +0 dagger.
There is a stone staircase leading down here.
You climb downwards.
Found a stone staircase leading up and a stone staircase leading down.
There is a stone staircase leading up here.
An adder comes into view.
Found an embroidered hat.
The adder hisses angrily.
The adder moves out of view.
Found a stone staircase leading down.
An adder is nearby!
An adder is nearby!
You hit the adder. You block the adder's attack. The adder bites you.
You are poisoned.
The adder poisons you!
Cleave: a) +0 war axe
Aim: an adder (moderately wounded, about 65% to evade your +0 war axe)
You barely miss the adder.
You feel sick. The adder bites you but does no damage.
Cleave: a) +0 war axe
Aim: an adder (moderately wounded, about 65% to evade your +0 war axe)
You hit the adder but do no damage.
You feel sick. The adder bites you but does no damage.
You block the adder's attack.
Cleave: a) +0 war axe
Aim: an adder (moderately wounded, about 65% to evade your +0 war axe)
You closely miss the adder.
You feel sick.
You are no longer poisoned.
The adder bites you. The adder barely misses you.
Cleave: a) +0 war axe
Aim: an adder (moderately wounded, about 65% to evade your +0 war axe)
You hit the adder. The adder barely misses you. You block the adder's attack.
Cleave: a) +0 war axe
Aim: an adder (heavily wounded, about 65% to evade your +0 war axe)
You closely miss the adder. The adder bites you.
You are poisoned.
The adder poisons you! You block the adder's attack.
Cleave: a) +0 war axe
Aim: an adder (heavily wounded, about 65% to evade your +0 war axe)
You hit the adder.
You feel sick. The adder barely misses you. The adder bites you.
* * * LOW HITPOINT WARNING * * *
Cleave: a) +0 war axe
Aim: an adder (severely wounded, about 65% to evade your +0 war axe)
You barely miss the adder.
You feel sick. The adder closely misses you. The adder barely misses you.
Cleave: a) +0 war axe
Aim: an adder (severely wounded, about 65% to evade your +0 war axe)
You closely miss the adder.
You feel sick.
You are no longer poisoned.
The adder bites you.
* * * LOW HITPOINT WARNING * * *
Cleave: a) +0 war axe
Aim: an adder (severely wounded, about 65% to evade your +0 war axe)
You hit the adder but do no damage. The adder bites you but does no damage.
The adder bites you.
* * * LOW HITPOINT WARNING * * *
Cleave: a) +0 war axe
Aim: an adder (severely wounded, about 65% to evade your +0 war axe)
You closely miss the adder. The adder bites you.
* * * LOW HITPOINT WARNING * * *
The adder bites you but does no damage.
Cleave: a) +0 war axe
Aim: an adder (severely wounded, about 65% to evade your +0 war axe)
You completely miss the adder. The adder bites you.
* * * LOW HITPOINT WARNING * * *
You are lethally poisoned!
The adder poisons you! The adder bites you but does no damage.
Cleave: a) +0 war axe
Aim: an adder (severely wounded, about 65% to evade your +0 war axe)
You closely miss the adder.
You die...

#...# .. .
#..<###.#
...###.......#
.............#
...###..###<##
#..# .#
..#####..# #>
.........##....
.####.#@.......
#.#S###.... .
... .#. .....##
# #.#.#.#
#.#.#.# #[#.# .
...


You could see an adder.

Vanquished Creatures
  A ball python (D:1)
  An endoplasm (D:1)
  A hobgoblin (D:1)
  2 quokkas (D:1)
  A bat (D:1)
  2 goblins (D:1)
  4 rats (D:1)
12 creatures vanquished.

Notes
Turn   | Place    | Note
-------+----------+-------------------------------------------
     0 | D:1      | CryoSword the Demonspawn Fighter began the quest for the
                  | Orb.
     0 | D:1      | Reached XP level 1. HP: 18/18 MP: 1/1
    14 | D:1      | Found a faded altar of an unknown god.
   739 | D:1      | Gained mutation: Spells you cast may paralyse adjacent
                  | enemies. [demonic ancestry]
   739 | D:1      | Reached XP level 2. HP: 19/24 MP: 2/2
  1317 | D:2      | HP: 1/24 [adder (1)]
  1319 | D:2      | Succumbed to an adder's poison

Illustrated notes

Levels and vault maps discovered:
D:1:      lemuel_arrival_broad_hall, layout_loops_corners,
          shapermc_ecumenical_altar_totnotflames
D:2:      layout_loops_ring

Skill      XL: |  1 |
---------------+----+-----
Axes           | 2 |  2.4
Fighting       | |  3.0
Armour         | |  2.6
Shields        | |  2.9

Action                   || total
-------------------------++-------
Melee: War axe           ||    48
Armor: Scale mail        ||    24
Dodge: Dodged            ||    17
Block: Buckler           ||    11
